 Dungeon Crawl Stone Soup version 0.28-a0-909-g796cbd3a86 (webtiles) character file.

Game seed: 12175606136791957409

8 Majang the Sneak (level 2, -1/24 HPs)
             Began as a Mummy Delver on Nov 24, 2021.
             Shot with an arrow by a centaur (9 damage)
             ... on level 5 of the Dungeon.
             The game lasted 00:01:09 (76 turns).

Majang the Sneak (Mummy Delver)                       Turns: 76, Time: 00:01:09

Health: -1/24      AC:  3    Str: 15    XL:     2   Next: 0%
Magic:  2/2        EV: 11    Int:  9    God:
Gold:   0          SH:  0    Dex: 13    Spells: 1/1 levels left

rFire   x . .      SeeInvis .   a - +0 mace
rCold   + . .      Faith    .   (no shield)
rNeg    + + +      Spirit   .   b - +0 leather armour
rPois   ∞          Reflect  .   (no helmet)
rElec   .          Harm     .   (no cloak)
rCorr   .          Rampage  .   (no gloves)
Will    .....                   (no boots)
Stlth   ++........              (no amulet)
HPRegen 0.08/turn               (no ring)
MPRegen 0.08/turn               (no ring)

@: no status effects
A: cold resistance 1, negative energy resistance 3, torment resistance 2, heat
vulnerability 1, no potions
a: no special abilities


You were on level 5 of the Dungeon.
You visited 1 branch of the dungeon, and saw 1 of its levels.

Inventory:

Hand Weapons
 a - a +0 mace (weapon)
Armour
 b - a +0 leather armour (worn)
Wands
 f - a wand of digging (3)
Scrolls
 c - a scroll of fog


   Skills:
 + Level 3.1 Fighting
 * Level 1.9 Maces & Flails
 - Level 1.5 Dodging
 + Level 4.2 Stealth


You had one spell level left.
You didn't know any spells.
Your spell library was empty.

Dungeon Overview and Level Annotations

Branches:
Dungeon (5/15)
 Temple: D:4-7

Altars:


Innate Abilities, Weirdness & Mutations

You are immune to poison.
Your flesh is cold resistant. (rC+)
You are immune to negative energy. (rN+++)
You are immune to unholy pain and torment.
You are vulnerable to heat. (rF-)
You do not drink.


Message History

A shadow imp comes into view.
The shadow imp shouts, "Scamper hence, thou odious ruttish bundle of gauze!"
There is an open door here.
The shadow imp hits you.
You hit the shadow imp.
The shadow imp is lightly wounded.
The shadow imp hits you.
You hit the shadow imp.
The shadow imp is severely wounded.
The shadow imp closely misses you.
A troll comes into view.
You barely miss the shadow imp.
The shadow imp is severely wounded.
The shadow imp hits you. x2
You hit the shadow imp.
You kill the shadow imp!
You have reached level 2!
There is an open door here.
As you read the scroll of magic mapping, it crumbles to dust.
You feel aware of your surroundings.
You sensed 1 shop/portal.
There is an open door here.
Okay, then.
You can't drink.
Unknown command.
There is an open door here.
A hound comes into view.
The hound barks!
As you read the scroll of fear, it crumbles to dust.
You assume a fearsome visage.
The troll looks frightened!
The hound looks frightened!
A centaur comes into view.
The troll gives up.
The centaur shouts!
The centaur wields a +0 shortbow.
The centaur shoots an arrow.
The arrow hits you!
The centaur shoots an arrow.
The arrow barely misses you.
The centaur shoots an arrow.
The arrow barely misses you.
Found a stone staircase leading up.
The centaur shoots an arrow.
The arrow hits you!
You die...

*,,,,,,,,*,,,,,,.........#.......
*,,,,,,,,*,,,............'.......
******,,,*,,,............#...##..
*,*******#..........#...#*.. ***
*,,,,+..........#...#*..
#,,,,#..........#...#,..
#..,,#..........#...#*..
#..c.#..........#'###*..
******#....@......T.#...#*..
*,,,.....#####......#...#*,,
*,,,<..,,* #......#...#*,,
*,,,.,,,,* #......#...#*,,
*,,,,,,,,* #..>...'...#*,,
*,,,,,,,,* #......#...####
*,,,,,,,,* #......#.......
*,,,,,,,,** #......#...#...
*****,,,,,* #......#####...


You could see a troll (fleeing) and a centaur.

Vanquished Creatures
  A shadow imp (D:5)
1 creature vanquished.

Notes
Turn   | Place    | Note
-------+----------+-------------------------------------------
     0 | D:5      | Majang the Mummy Delver began the quest for the Orb.
     0 | D:5      | Reached XP level 1. HP: 18/18 MP: 1/1
    49 | D:5      | Noticed a troll
    52 | D:5      | Reached XP level 2. HP: 14/24 MP: 2/2
    73 | D:5      | Noticed a centaur
    76 | D:5      | Shot with an arrow by a centaur

Illustrated notes

Levels and vault maps discovered:
D:5:      layout_gridville, serial_shops, nicolae_lakefront_shop, uniq_duvessa

Action                   || total
-------------------------++-------
Melee: Mace              ||     4
  Use: Scroll            ||     2
Dodge: Dodged            ||     3

Table legend: (Time is in decaauts)
 A = Elapsed time spent in this place.
 B = Non-inter-level travel time spent in this place.
 C = Inter-level travel time spent in this place.
 D = Time resting spent in this place.
 E = Time spent auto-exploring this place.
 F = Levels seen in this place.
 G = Mean time per level.
                   A        B        C        D        E       F      G
               +--------+--------+--------+--------+--------+-----+--------+
         Total |     77 |     77 |      0 |      0 |      0 |   1 |   77.0 |
       Dungeon |     77 |     77 |      0 |      0 |      0 |   1 |   77.0 |
               +--------+--------+--------+--------+--------+-----+--------+

Top non-repeatable levels by time:
     D:5: 77 daAuts
